 Dungeon Crawl Stone Soup version 0.31.0 (webtiles) character file.

Game seed: 14184032050098835550

24 Esekla the Sneak (level 3, 0/26 HPs)
             Began as an Octopode Delver on Jan 19, 2024.
             Slain by a gnoll
             ... wielding a +0 whip
             ... led by a gnoll bouda
              (7 damage)
             ... on level 5 of the Dungeon.
             The game lasted 00:04:49 (313 turns).

Esekla the Sneak (Octopode Delver)                   Turns: 313, Time: 00:04:50

Health: 0/26       AC:  1    Str: 11    XL:     3   Next: 2%
Magic:  3/3        EV: 13    Int: 14    God:
Gold:   9          SH:  0    Dex: 13    Spells: 2/2 levels left

rFire   . . .        a - +0 falchion
rCold   . . .        (no shield)
rNeg    . . .        (helmet restricted)
rPois   .            (no amulet)
rElec   .            (no ring)
rCorr   .            (no ring)
SInv    .            (no ring)
Will    .....        (no ring)
Stlth   ++++         (no ring)
HPRegen 0.24/turn    (no ring)
MPRegen 0.08/turn    (no ring)
                     (no ring)

%: no passive effects
@: no status effects
A: almost no armour, amphibious, 8 rings, camouflage 1, gelatinous body 1,
(nimble swimmer 1), tentacles
a: no special abilities


You were on level 5 of the Dungeon.
You visited 2 branches of the dungeon, and saw 2 of its levels.

You collected 9 gold pieces.

Inventory:

Hand Weapons
 a - a +0 falchion (weapon)
 d - a +0 trident
 e - a +0 dagger
Scrolls
 b - a scroll of fog
 c - a scroll of summoning


   Skills:
 * Level 3.1 Fighting
 * Level 2.1 Long Blades
 * Level 2.4 Dodging
 + Level 7.0 Stealth
 * Level 0.4 Spellcasting


You had 2 spell levels left.
You didn't know any spells.
Your spell library was empty.

Dungeon Overview and Level Annotations

Branches:
Dungeon (5/15)             Temple (1/1) D:5

Altars:
Ashenzari
Elyvilon
Kikubaaqudgha
Okawaru
Ru
Trog
Uskayaw
Vehumet
Xom
Zin

Shops:
D:5 :

Annotations:
D:5 Pikel


Innate Abilities, Weirdness & Mutations

You cannot wear most types of armour.
You are amphibious.
You can wear up to eight rings at the same time.
Your skin changes colour to match your surroundings (Stealth+).
Your rubbery body absorbs attacks. (AC +1, EV +1)
((You are camouflaged when in or above water. (Stealth+)))
You have tentacles for arms and can constrict up to eight enemies at once.


Message History

Your centaur dissolves into shadows!
Your gnoll dissolves into shadows!
The gnoll completely misses you.
There is a staircase to the Ecumenical Temple here.
The gnoll closely misses you.
You closely miss the gnoll. You grab the gnoll. You tentacle-slap the gnoll.
The gnoll is severely wounded.
You constrict the gnoll, but do no damage.
The gnoll barely misses you.
You hit the gnoll but do no damage. You squeeze the gnoll.
The gnoll is severely wounded.
You constrict the gnoll, but do no damage.
The gnoll hits you with a +0 spear.
You hit the gnoll but do no damage. You squeeze the gnoll.
You kill the gnoll!
Your Stealth skill increases to level 7!
There is a staircase to the Ecumenical Temple here.
The orc hits you with a +0 club.
You climb downwards.
Welcome back to the Ecumenical Temple!
There is a staircase back to the Dungeon here.
You closely miss the orc. You grab the orc. You squeeze the orc.
The orc is heavily wounded.
You constrict the orc. The orc hits you with a +0 club.
You hit the orc.
You kill the orc!
You have reached level 3!
Your experience leads to an increase in your attributes!
Increase (S)trength, (I)ntelligence, or (D)exterity?
You feel clever. x2
You start resting.
HP restored.
You climb upwards.
Level annotation: Pikel The gnoll hits you with a +0 whip.
The gnoll barely misses you. The gnoll hits you with a +0 whip.
There is a staircase to the Ecumenical Temple here.
As you read the scroll of summoning, it crumbles to dust.
Wisps of shadow whirl around you... The gnoll hits you with a +0 whip. x2
* * * LOW HITPOINT WARNING * * *
The gnoll attacks as it pursues you! The gnoll hits you with a +0 whip!
You die...

*,,,,,,,,* #.##.....#.#
*,,,,,,,,* #.##....g#.#
*,,,,,,,.#####* #.....##g#.#
*,,,,,,,......*##.....##.#.#
*,,,,,,,......##...##.##g#.#
*******,.....!..........g#g#
*,........⌠B).####g#.#
*,........h...# #.#.#
*,......⌠@g.⌠## #g#.#
*,.......rg..# #g#.#
*,........⌠..# #g#.# ######
*,...........# #...# .....#
*,......###### #.### .....#
*,..)...* #.# .....#
**###.##* #.# .....#####...#
##.# .....#.....### ##.##


You could see 2 gnolls, a friendly bombardier beetle (summoned), a friendly
hound (summoned) and a friendly quokka (summoned).

Vanquished Creatures
  A gnoll (D:5)
  2 orcs
3 creatures vanquished.

Vanquished Creatures (collateral kills)
  A gnoll (D:5)
1 creature vanquished.

Grand Total: 4 creatures vanquished

Notes
Turn   | Place    | Note
-------+----------+-------------------------------------------
     0 | D:5      | Esekla the Octopode Delver began the quest for the Orb.
     0 | D:5      | Reached XP level 1. HP: 16/16 MP: 1/1
     2 | D:5      | Noticed a gnoll bouda
    17 | D:5      | Found a staircase to the Ecumenical Temple.
    17 | D:5      | Noticed an orc priest
    25 | D:5      | Noticed Pikel
    27 | D:5      | Noticed a lemure
    27 | D:5      | Noticed a lemure
    27 | D:5      | Noticed a lemure
    77 | D:5      | Found Najeonif's Book Boutique.
   232 | D:5      | Reached XP level 2. HP: 21/21 MP: 2/2
   241 | Temple   | Entered the Ecumenical Temple
   248 | D:5      | Reached skill level 7 in Stealth
   253 | Temple   | Reached XP level 3. HP: 12/26 MP: 3/3
   313 | D:5      | Slain by a gnoll

Illustrated notes

Levels and vault maps discovered:
D:5:      layout_basic, lemuel_round_altar, temple_fountains, serial_shops,
          kennysheep_mini, uniq_pikel
Temple:   jpeg_temple_alley_garden

Skill      XL: |  1  2 |
---------------+-------+-----
Stealth        | 7 |  7.0
Fighting       | |  3.1
Long Blades    | |  2.1
Dodging        | |  2.4
Spellcasting   | |  0.4

Action                     || total
---------------------------++-------
  Melee: Falchion          ||     7
         Constrict         ||     3
         Tentacles         ||     3
         Punch             ||     1
  Evoke: Wand              ||     3
    Use: Scroll            ||     4
         Potion            ||     1
 Armour: Skin              ||    10
  Dodge: Dodged            ||     5
